cohdb
Replays
Latest Replays
All Replays
Popular Replays
Top Player Replays
Match Explorer
How It Works
Community
CoH3 Stats
Reddit
Sign in to upload your games and track your stats! →
Sign in with Steam
Match 45629281
Unlisted
Match 45629281
Overview
Messages
Build Orders
End
Construct Barracks
Riflemen Squad
Scout Squad
Riflemen Squad
Engineer Squad
Riflemen Squad
M1 Mortar Team
Infantry Support Center
Construct Medical Station
M1918 Browning Automatic Rifles
Selects Heavy Weapons
Construct Weapon Support Center
M3 Armored Personnel Carrier
M1919 Machine Gun Team
Selects M2HB .50cal Heavy Machine Gun
Selects Gallant Stand
Selects Black Dragon Artillery Barrage
Selects Assault Carriers
M3 Assault Carrier
Riflemen Squad
M3 Assault Carrier
M3 Assault Carrier
M3 Assault Carrier
Selects Halftrack Strongpoints
Captain Retinue
Riflemen Squad
M3 Assault Carrier
Engooeer
Brick_man
0
0
Comments
sign in to comment!
No comments posted yet!